Map: Frozen Temple

Players

Drager - Winner!

  • Race: Protoss Protoss
  • League: Master

Luke

  • Race: Protoss Protoss
  • League: Master

VOD

https://www.youtube.com/channel/UCcSgNfDNxvyisU-eCj9xyNg/playlists

Description

Time

  • Played on: Aug. 27, 2016, 5:49 a.m.
  • Length: 10:07
Show
View Real Time Build Order
Export as new Build Order

Drager Protoss - Winner!

Build Orders:  

Get SALT Encoding   

  12  0:01  Probe (Chrono Boost)  
  13  0:11  Probe (Chrono Boost)  
  14  0:17  Pylon  
  14  0:22  Probe (Chrono Boost)  
  15  0:35  Probe (Chrono Boost)  
  16  0:37  Gateway  
  16  0:45  Assimilator  
  16  0:46  Probe (Chrono Boost)  
  17  0:56  Probe (Chrono Boost), Assimilator  
  18  1:07  Probe (Chrono Boost)  
  18  1:09  Gateway  
  19  1:17  Probe (Chrono Boost)  
  20  1:25  Cybernetics Core  
  20  1:28  Probe (Chrono Boost)  
  21  1:35  Pylon  
  21  1:38  Probe (Chrono Boost)  
  22  1:48  Warp Gate  
  22  1:49  Probe (Chrono Boost)  
  23  2:01  Stalker x2  
  27  2:14  Mothership Core (Chrono Boost)  
  29  2:17  Pylon  
  29  2:32  Stalker  
  29  2:35  Stalker  
  34  2:53  Probe (Chrono Boost)  
  33  3:10  Probe (Chrono Boost)  
  34  3:16  Stalker  
  34  3:18  Nexus  
  36  3:22  Stalker  
  38  3:29  Pylon  
  38  3:38  Probe (Chrono Boost)  
  39  4:01  Probe (Chrono Boost), Stalker x2  
  44  4:08  Robotics Facility  
  44  4:13  Probe (Chrono Boost)  
  43  4:25  Probe (Chrono Boost), Stalker  
  40  4:37  Probe (Chrono Boost)  
  41  4:39  Probe (Chrono Boost)  
  42  4:49  Probe (Chrono Boost)  
  42  4:50  Probe (Chrono Boost)  
  44  4:56  Twilight Council  
  44  4:58  Observer  
  44  4:59  Probe (Chrono Boost)  
  46  5:01  Probe (Chrono Boost)  
  47  5:10  Probe (Chrono Boost)  
  47  5:12  Probe (Chrono Boost)  
  49  5:20  Probe (Chrono Boost)  
  50  5:25  Pylon  
  50  5:26  Probe (Chrono Boost)  
  50  5:28  Blink  
  51  5:30  Sentry x2  
  51  5:31  Probe (Chrono Boost)  
  56  5:37  Probe (Chrono Boost)  
  58  5:43  Probe (Chrono Boost)  
  58  5:47  Immortal  
  62  6:00  Probe x2 (Chrono Boost)  
  63  6:05  Adept x2  
  67  6:17  Probe x2 (Chrono Boost)  
  69  6:22  Pylon  
  69  6:23  Pylon  
  69  6:29  Pylon  
  69  6:35  Immortal  
  70  6:50  Probe (Chrono Boost)  
  70  6:52  Probe (Chrono Boost)  
  72  7:00  Adept x2  
  74  7:02  Probe (Chrono Boost)  
  74  7:04  Probe (Chrono Boost)  
  75  7:20  Probe (Chrono Boost)  
  73  7:26  Probe (Chrono Boost)  
  69  7:32  Probe (Chrono Boost)  
  69  7:33  Adept x2  
  74  7:39  Probe (Chrono Boost)  
  76  7:44  Probe (Chrono Boost)  
  76  7:52  Warp Prism  
  76  7:57  Probe (Chrono Boost)  
  80  8:00  Probe (Chrono Boost)  
  80  8:04  Adept  
  82  8:06  Adept  
  82  8:08  Probe (Chrono Boost)  
  86  8:13  Probe (Chrono Boost)  
  86  8:18  Probe (Chrono Boost)  
  87  8:22  Pylon  
  87  8:24  Pylon  
  87  8:25  Probe (Chrono Boost)  
  88  8:29  Probe (Chrono Boost)  
  89  8:36  Stalker x2  
  94  8:41  Probe (Chrono Boost)  
  94  8:42  Probe (Chrono Boost)  
  95  8:48  Assimilator  
  95  8:53  Probe (Chrono Boost)  
  96  8:58  Pylon  
  96  8:59  Stalker x2  
  96  9:02  Probe (Chrono Boost)  
  101  9:05  Probe (Chrono Boost)  
  102  9:11  Gateway  
  102  9:25  Adept  
  102  9:26  Adept  
  94  9:33  Probe (Chrono Boost)  
  85  9:44  Probe (Chrono Boost)  
  83  9:46  Probe (Chrono Boost), Gateway  
  83  9:49  Gateway  
  83  9:51  Stalker x2, Gateway  
  85  9:55  Probe (Chrono Boost)  
  86  10:01  Assimilator  
Show
View Real Time Build Order
Export as new Build Order

Luke Protoss 

Build Orders: Oracle Opening 

Get SALT Encoding   

  12  0:01  Probe (Chrono Boost)  
  13  0:11  Probe (Chrono Boost)  
  14  0:19  Pylon  
  14  0:23  Probe (Chrono Boost)  
  15  0:37  Probe (Chrono Boost)  
  15  0:38  Gateway  
  16  0:48  Probe (Chrono Boost)  
  16  0:49  Assimilator  
  17  0:58  Probe (Chrono Boost)  
  17  1:00  Assimilator  
  18  1:09  Probe (Chrono Boost)  
  18  1:11  Gateway  
  19  1:19  Probe (Chrono Boost)  
  20  1:27  Cybernetics Core  
  20  1:30  Probe (Chrono Boost)  
  21  1:40  Probe (Chrono Boost)  
  21  1:44  Pylon  
  22  1:51  Probe (Chrono Boost)  
  23  2:03  Probe (Chrono Boost), Adept  
  23  2:04  Adept  
  28  2:09  Warp Gate  
  28  2:19  Stargate  
  28  2:21  Pylon  
  30  2:30  Mothership Core (Chrono Boost)  
  30  2:48  Probe (Chrono Boost)  
  31  2:53  Nexus  
  31  3:04  Oracle  
  29  3:09  Probe (Chrono Boost)  
  31  3:13  Pylon  
  33  3:20  Adept  
  33  3:23  Adept  
  36  3:28  Probe (Chrono Boost)  
  36  3:40  Probe (Chrono Boost)  
  37  3:43  Void Ray  
  37  3:51  Adept  
  43  4:04  Adept  
  45  4:36  Pylon  
  45  4:46  Gateway  
  45  4:52  Pylon  
  45  4:56  Probe (Chrono Boost)  
  45  4:57  Pylon  
  47  5:08  Probe (Chrono Boost)  
  47  5:10  Fleet Beacon  
  47  5:13  Gateway  
  47  5:16  Adept  
  47  5:17  Adept  
  47  5:20  Probe (Chrono Boost)  
  52  5:32  Nexus  
  52  5:34  Pylon  
  52  5:39  Pylon  
  52  5:44  Adept  
  52  5:45  Adept  
  56  6:01  Gateway  
  56  6:02  Adept  
  55  6:14  Adept  
  55  6:15  Adept  
  59  6:25  Sentry  
  59  6:26  Adept  
  63  6:49  Adept x3  
  63  6:50  Adept  
  51  7:20  Probe (Chrono Boost), Adept x5  
  51  7:21  Probe (Chrono Boost)  
  57  7:25  Twilight Council  
  53  7:31  Probe (Chrono Boost)  
  53  7:33  Probe (Chrono Boost)  
  53  7:34  Phoenix  
  57  7:40  Adept  
  57  7:42  Probe (Chrono Boost), Sentry  
  62  7:48  Resonating Glaives  
  60  7:56  Pylon  
  60  7:57  Mothership Core (Chrono Boost)  
  62  7:59  Phoenix  
  62  8:04  Adept x2  
  68  8:07  Sentry  
  68  8:12  Adept  
  72  8:18  Probe (Chrono Boost)  
  72  8:19  Probe (Chrono Boost)  
  74  8:27  Adept x2  
  74  8:28  Probe (Chrono Boost)  
  74  8:31  Probe (Chrono Boost)  
  80  8:38  Phoenix, Adept  
  80  8:39  Adept  
  86  8:54  Probe x2 (Chrono Boost)  
  88  8:56  Pylon  
  88  9:04  Nexus  
  88  9:13  Assimilator  
  88  9:16  Probe x2 (Chrono Boost), Assimilator  
  88  9:31  Adept x4  
  54  9:52  Adept x4  
Tags
 
Add a new tag
Caveats
  • Supply blocks, unpowered buildings, or Contaminate may cause inaccurate times.
  • Supply counts are checked every 10 seconds.